 Dungeon Crawl Stone Soup version 0.31.0-32-g396128a36d (webtiles) character file.

Game seed: 1204195559081541455

36 James the Shooter (level 3, -2/27 HPs)
             Began as a Formicid Hunter on Mar 13, 2024.
             Slain by Terence
             ... wielding a +0 mace
              (5 damage)
             ... on level 2 of the Dungeon.
             The game lasted 00:01:52 (1448 turns).

James the Shooter (Formicid Hunter)                 Turns: 1448, Time: 00:01:53

Health: -2/27      AC:  3    Str: 15    XL:     3   Next: 57%
Magic:  3/3        EV: 12    Int:  8    God:
Gold:   173        SH:  0    Dex: 19    Spells: 2/2 levels left

rFire   . . .        a - +0 shortbow
rCold   + . .        (no shield)
rNeg    . . .        c - +0 leather armour
rPois   .            (helmet unavailable)
rElec   .            (no cloak)
rCorr   .            (no gloves)
SInv    +            (no boots)
Will    .....        (no amulet)
Stlth   ++           o - ring of protection from cold
HPRegen 0.24/turn    (no ring)
MPRegen 0.08/turn

%: no passive effects
@: no status effects
A: permanent stasis, dig shafts and tunnels, antennae 3, four strong arms
a: Dig, Shaft Self


You were on level 2 of the Dungeon.
You visited 1 branch of the dungeon, and saw 3 of its levels.

You collected 173 gold pieces.

Inventory:

Hand Weapons
 a - a +0 shortbow (weapon)
 g - a +0 dagger
   (You took it off a kobold on level 1 of the Dungeon)
 l - a +0 rapier
   (You found it on level 1 of the Dungeon)
 m - a +0 spear
   (You found it on level 2 of the Dungeon)
Armour
 c - a +0 leather armour (worn)
 f - a +0 robe
   (You found it on level 1 of the Dungeon)
Jewellery
 i - a ring of ice
   (You found it on level 1 of the Dungeon)
 o - a ring of protection from cold (left hand)
   (You found it on level 1 of the Dungeon)
Scrolls
 b - a scroll of butterflies
 e - a scroll of teleportation {unknown}
 h - a scroll of identify {unknown}
 q - a scroll of fear {unknown}
 r - a scroll of blinking {unknown}
Potions
 d - 4 potions of curing {unknown}
 j - a potion of degeneration {unknown}
 k - 2 potions of brilliance {unknown}
 n - a potion of might {unknown}
 p - a potion of cancellation {unknown}


   Skills:
 - Level 2.1 Fighting
 + Level 5.1 Ranged Weapons
 - Level 1.7 Dodging
 - Level 1.2 Stealth


You had 2 spell levels left.
You didn't know any spells.
Your spell library was empty.

Dungeon Overview and Level Annotations

Branches:
Dungeon (3/15)

Altars:

Annotations:
D:2 Terence


Innate Abilities, Weirdness & Mutations

You cannot be hasted, slowed, berserked, paralysed or teleported.
You can dig through walls and to a lower floor.
You have a pair of large antennae on your head. (SInv)
Your four strong arms can wield two-handed weapons with a shield.


Message History

Done exploring.
Done exploring.
Search for what [Enter for "."]?
There is a stone staircase leading up here.
There is a stone staircase leading down here.
You climb downwards.
Found a sapphire potion and 13 gold pieces.
There is a stone staircase leading up here.
Found 5 stones.
Found a glowing emerald potion.
d - 4 sapphire potions (gained 1)
You see here 5 stones.
Terence the Incautious comes into view.
He is wielding a +0 mace.
You shoot an arrow.
The arrow hits Terence but does no damage.
Terence shouts!
You shoot an arrow. The arrow barely misses Terence.
You shoot an arrow. The arrow closely misses Terence.
You shoot an arrow. The arrow hits Terence.
You shoot an arrow. The arrow closely misses Terence.
Terence hits you with a +0 mace!
You shoot an arrow. The arrow hits Terence.
Terence closely misses you. Terence misses you.
You shoot an arrow. The arrow hits Terence.
Terence completely misses you.
You shoot an arrow.
The arrow hits Terence but does no damage.
Terence closely misses you.
You shoot an arrow.
The arrow hits Terence but does no damage.
Terence misses you.
You shoot an arrow.
The arrow hits Terence but does no damage.
Terence closely misses you.
You shoot an arrow. The arrow barely misses Terence.
Terence hits you with a +0 mace!
* * * LOW HITPOINT WARNING * * *
Terence barely misses you.
You see here 5 stones.
Terence hits you with a +0 mace!
* * * LOW HITPOINT WARNING * * *
Terence attacks as he pursues you! Terence hits you with a +0 mace.
* * * LOW HITPOINT WARNING * * *
There is a stone staircase leading up here.
Terence completely misses you.
You climb upwards.
There is a stone staircase leading down here.
Terence attacks as he pursues you! Terence completely misses you.
Terence attacks as he pursues you! Terence hits you with a +0 mace.
You die...
Terence says, "Rest in peace."

##..............##.###.#...###
####........................#####
...#..###...>.....###..#..#......
##.#..# ####...#### ##.#..#######
#.#..# #...# #........... #.#..#
#...# #....######.
#.#..#######.########.<..### #.
#............>##...........#####
#.#..######.<.@@................
##.#...# #.####.####....#......
#...#..# #.###.#.###>...#..##..
.......# ###.##.###.##....#......
.......###.....## ##......#...#.#
.............##.###.###..........
.......###.#####.#.## ###.#...#.#
.....#.# #.# ##.## #..........
#...##.# #.# #.# #.#.#......


You could see Terence.

Vanquished Creatures
  A dart slug (D:1)
  5 ball pythons
  An endoplasm (D:1)
  2 giant cockroaches
  2 goblins
  5 hobgoblins
  4 bats
  2 frilled lizards (D:1)
  2 kobolds (D:1)
  8 rats
32 creatures vanquished.

Notes
Turn   | Place    | Note
-------+----------+-------------------------------------------
     0 | D:1      | James the Formicid Hunter began the quest for the Orb.
     0 | D:1      | Reached XP level 1. HP: 16/16 MP: 1/1
    78 | D:1      | Reached XP level 2. HP: 22/22 MP: 2/2
   354 | D:1      | Reached XP level 3. HP: 27/27 MP: 3/3
   983 | D:2      | Reached skill level 5 in Ranged Weapons
  1426 | D:3      | Noticed Terence
  1441 | D:3      | HP: 1/27 [Terence/+0 mace (4)]
  1448 | D:2      | Slain by Terence

Illustrated notes

Levels and vault maps discovered:
D:1:      dpeg_arrival_renting, layout_basic, minmay_cupped
D:2:      layout_loops_ring
D:3:      layout_basic, serial_bayou_lagoon_a, hangedman_decor_points,
          uniq_terence

Skill      XL: |  1  2  3 |
---------------+----------+-----
Ranged Weapons | 5 |  5.1
Fighting       | |  2.1
Dodging        | |  1.7
Stealth        | |  1.2

Action                     || total
---------------------------++-------
   Fire: Shortbow          ||    93
 Armour: Leather armour    ||    14
  Dodge: Dodged            ||    16
